 Dungeon Crawl Stone Soup version 0.22.1-1-ga44c0e5 (webtiles) character file.

148 whitewolfNL the Insei (level 5, -4/34 HPs)
             Began as an Octopode Transmuter on Sept 22, 2018.
             Slain by MalarOregon's ghost (11 damage)
             ... on level 3 of the Dungeon.
             The game lasted 00:14:56 (3122 turns).

whitewolfNL the Insei (Octopode Transmuter)         Turns: 3122, Time: 00:14:57

Health: -4/34      AC:  1    Str: 11    XL:     5   Next: 30%
Magic:  8/8        EV: 14    Int: 15    God:
Gold:   102        SH:  0    Dex: 12    Spells: 7/8 levels left

rFire    . . .     SeeInvis .     - Unarmed
rCold    . . .     Gourm    .   (no shield)
rNeg     . . .     Faith    .   (helmet restricted)
rPois    .         Spirit   .   (no amulet)
rElec    .         Reflect  .   (no ring)
rCorr    .         Harm     .   (no ring)
MR       .....                  (no ring)
Stlth    +++.......             (no ring)
HPRegen  0.11/turn              (no ring)
MPRegen  0.11/turn              (no ring)
                                (no ring)
                                (no ring)

@: no status effects
A: almost no armour, stealthy swim, amphibious, 8 rings, constrict 8, camouflage
1, gelatinous body 1
a: no special abilities


You were on level 3 of the Dungeon.
You were not hungry.

You visited 1 branch of the dungeon, and saw 3 of its levels.

You collected 102 gold pieces.

Inventory:

Hand Weapons
 n - a cursed +0 mace
Missiles
 a - 38 arrows
 f - 14 sling bullets
 h - 80 stones (quivered)
 i - 15 poisoned needles
Scrolls
 b - a scroll of magic mapping {unknown}
 d - a scroll of remove curse {unknown}
 e - 4 scrolls of identify {unknown}
 g - a scroll of teleportation {unknown}
 m - a scroll of enchant weapon {unknown}
 o - a scroll of amnesia
Potions
 c - 3 potions of curing {unknown}
 j - a potion of flight {unknown}
 l - a potion of degeneration {unknown}
 p - a potion of heal wounds {unknown}
Comestibles
 k - a chunk of flesh


   Skills:
 * Level 1.9 Fighting
 * Level 2.8 Dodging
 * Level 2.3 Stealth
 * Level 4.5 Unarmed Combat
 - Level 2.0 Spellcasting
 + Level 2.2 Transmutations


You had 7 spell levels left.
You knew the following spells:

 Your Spells              Type           Power        Failure   Level  Hunger
a - Beastly Appendage     Tmut           #.....       9%          1    #......

Your spell library contained the following spells:

 Spells                   Type           Power        Failure   Level  Hunger
 Sticks to Snakes         Tmut           #.......     13%         2    ###....
 Spider Form              Tmut/Pois      #.........   38%         3    ###....
 Ice Form                 Ice/Tmut       #.......     80%         4    #####..
 Blade Hands              Tmut           #.........   94%         5    ######.


Dungeon Overview and Level Annotations

Branches:
Dungeon (3/15)

Altars:
Cheibriados
Kikubaaqudgha
Makhleb
Wu Jian
Xom

Annotations:
D:3 MalarOregon's ghost, amateur HOFi


Innate Abilities, Weirdness & Mutations

You cannot wear most types of armour.
You are very stealthy in the water. (Stealth+)
You are amphibious.
You can wear up to eight rings at the same time.
You can use your tentacles to constrict eight enemies at once.
Your skin changes colour to match your surroundings (Stealth+).
Your rubbery body absorbs attacks. (AC +1, EV +1)


Message History

You kill the bat!
You see here a bat corpse.
You butcher the bat corpse.
k - a chunk of flesh
Found 14 gold pieces.
Found a runed door.
You now have 102 gold pieces (gained 15).
You open the door.
You tentacle-slap MalarOregon's ghost but do no damage.
You squeeze MalarOregon's ghost.
MalarOregon's ghost is lightly damaged.
MalarOregon's ghost hits you!
You tentacle-slap MalarOregon's ghost but do no damage.
MalarOregon's ghost is lightly damaged.
MalarOregon's ghost hits you!
* * * LOW HITPOINT WARNING * * *
As you read the scroll labeled UMNIHU ITHE, it crumbles to dust.
It is a scroll of amnesia.
Okay, then.
MalarOregon's ghost hits you!
You die...

#...........#
#...........#
#...........#
######......#
#......#
#......#
#..#####
#..#.P#
#.@W$8#
#..#.P#
#..#### #...
#.... #.....
#......
#.......


You could see MalarOregon's ghost.

Vanquished Creatures
  An orc wizard (D:3)
  Natasha (D:2)
  2 adders (D:2)
  An ooze (D:1)
  A worm (D:3)
  A dart slug (D:3)
  A leopard gecko (D:2)
  4 orcs (D:3)
  A ball python (D:2)
  3 giant cockroaches
  7 goblins
  6 hobgoblins
  2 jackals (D:1)
  3 quokkas (D:2)
  11 bats
  2 frilled lizards (D:1)
  A jackal zombie (D:2)
  6 kobolds
  7 rats
61 creatures vanquished.

Notes
Turn   | Place    | Note
-------+----------+-------------------------------------------
     0 | D:1      | whitewolfNL the Octopode Transmuter began the quest for the
                  | Orb.
     0 | D:1      | Reached XP level 1. HP: 13/13 MP: 3/3
   230 | D:1      | Reached XP level 2. HP: 14/18 MP: 3/5
   372 | D:1      | Reached skill level 1 in Stealth
   669 | D:1      | Reached XP level 3. HP: 15/23 MP: 6/6
  1524 | D:2      | Noticed Natasha
  1530 | D:2      | Killed Natasha
  1530 | D:2      | Reached skill level 4 in Unarmed Combat
  1530 | D:2      | Reached XP level 4. HP: 28/28 MP: 5/7
  1569 | D:2      | Found a shimmering altar of Xom.
  1571 | D:2      | Found a snail-covered altar of Cheibriados.
  1918 | D:2      | Found an ornate altar of the Wu Jian Council.
  1924 | D:2      | Found an ancient bone altar of Kikubaaqudgha.
  1929 | D:2      | Found a burning altar of Makhleb.
  2488 | D:3      | Reached XP level 5. HP: 26/34 MP: 6/8
  3109 | D:3      | Found a runed door.
  3109 | D:3      | Noticed MalarOregon's ghost (amateur HOFi)
  3122 | D:3      | Slain by MalarOregon's ghost

Skill      XL: |  1  2  3  4 |
---------------+-------------+-----
Stealth        | 1 2 |  2.3
Unarmed Combat | 4 |  4.5
Fighting       | |  1.9
Dodging        | |  2.8
Spellcasting   | |  2.0
Transmutations | |  2.2

Action                   |  1- 3 |  4- 6 || total
-------------------------+-------+-------++-------
Melee: Unarmed           |    62 |    73 ||   135
       Constrict         |    17 |    19 ||    36
       Tentacles         |     9 |    11 ||    20
       Kick              |     3 |     2 ||     5
       Punch             |       |     1 ||     1
 Cast: Beastly Appendage |     3 |     4 ||     7
  Use: Scroll            |       |     1 ||     1
 Stab: Sleeping          |     2 |     7 ||     9
  Eat: Ration            |     1 |     1 ||     2
Armor: Skin              |    10 |     6 ||    16
Dodge: Dodged            |    44 |    46 ||    90
